 Dungeon Crawl Stone Soup version 0.29.1-2-gbd0b4ee654 (webtiles) character file.

Game seed: 7199640455863474947

43437 Avanven the Markshuman (level 14, -12/95 HPs)
             Began as a Human Hunter on Nov 5, 2022.
             Was a High Priest of Hepliaklqana.
             Mangled by a catoblepas (13 damage)
             ... while petrified by a catoblepas
             ... on level 5 of the Lair of Beasts.
             The game lasted 01:02:26 (21292 turns).

Avanven the Markshuman (Human Hunter)              Turns: 21292, Time: 01:02:27

Health: -12/95     AC: 15    Str: 17    XL:     14   Next: 60%
Magic:  14/14      EV:  2    Int:  9    God:    Hepliaklqana [*****.]
Gold:   1097       SH:  0    Dex: 22    Spells: 13/13 levels left

rFire   . . .      SeeInvis +   a - +2 shortbow (flame)
rCold   . . .      Faith    .   (shield currently unavailable)
rNeg    + + +      Spirit   .   q - +3 ring mail {rN+}
rPois   ∞          Reflect  +   A - +1 hat "Ufaono" {Fly Str+5 SInv}
rElec   .          Harm     .   (no cloak)
rCorr   .          Rampage  .   (no gloves)
Will    ++...                   (no boots)
Stlth   +.........              l - amulet of reflection
HPRegen 0.25/turn               d - +4 ring of protection
MPRegen 0.14/turn               G - ring of willpower

@: petrified, flying
A: reduced essence
a: Renounce Religion, Recall Ancestor, Ancestor Identity, Transference, Idealise


You were on level 5 of the Lair of Beasts.
You worshipped Hepliaklqana.
Hepliaklqana was extremely pleased with you.
You visited 3 branches of the dungeon, and saw 17 of its levels.
You also visited: Ossuary.

You collected 1097 gold pieces.

Inventory:

Hand Weapons
 a - a +2 shortbow of flaming (weapon)
 m - a +0 vorpal longbow
Missiles
 x - 6 throwing nets
Armour
 q - a +3 ring mail of positive energy (worn)
 A - the +1 hat "Ufaono" (worn) {Fly Str+5 SInv}
   (You found it on level 8 of the Dungeon)

   Str:       It affects your strength (+5).
   SInv:      It lets you see invisible.
   Fly:       It grants you flight.
 I - a +1 scale mail of poison resistance
Jewellery
 d - a +4 ring of protection (left hand)
 l - an amulet of reflection (around neck)
 p - a ring of fire
 B - a ring of resist corrosion
 G - a ring of willpower (right hand)
Wands
 u - a wand of quicksilver (4)
 z - a wand of charming (9)
 E - a wand of flame (5)
Scrolls
 b - a scroll of immolation
 k - 13 scrolls of identify
 n - 2 scrolls of amnesia
 r - 5 scrolls of teleportation
 t - 2 scrolls of butterflies
 w - 2 scrolls of magic mapping
 y - 4 scrolls of enchant weapon
 C - 2 scrolls of brand weapon
 L - a scroll of enchant armour
Potions
 c - 2 potions of invisibility
 e - 3 potions of haste
 g - 4 potions of magic
 h - 4 potions of flight
 i - 10 potions of curing
 j - 7 potions of ambrosia
 o - 2 potions of might
 D - 3 potions of resistance
 F - a potion of berserk rage
Miscellaneous
 f - a condenser vane (inert)
 H - a lightning rod (1/4)


   Skills:
 + Level 8.6 Fighting
 + Level 18.3 Ranged Weapons
 - Level 10.1 Armour
 - Level 2.0 Dodging
 - Level 1.0 Stealth
 - Level 10.1 Evocations


You had 13 spell levels left.
You didn't know any spells.
Your spell library contained the following spells:

 Spells                   Type           Power      Damage    Failure   Level
 Beastly Appendage        Tmut           0%         N/A       54%         1
 Foxfire                  Conj/Fire      0%         2x1d4     54%         1
 Slow                     Hex            0%         N/A       54%         1
 Wereblood                Tmut           0%         N/A       69%         2
 Confusing Touch          Hex            0%         N/A       89%         3
 Conjure Flame            Conj/Fire      0%         6-21      89%         3
 Dazzling Flash           Conj/Hex       0%         N/A       89%         3
 Inner Flame              Hex/Fire       0%         N/A       89%         3
 Spider Form              Tmut/Pois      0%         N/A       89%         3
 Vampiric Draining        Necr           0%         2d6       89%         3
 Anguish                  Hex/Necr       0%         N/A       100%        4
 Flame Wave               Conj/Fire      0%         2d4       100%        4
 Leda's Liquefaction      Hex/Erth       0%         N/A       100%        4
 Petrify                  Tmut/Erth      0%         N/A       100%        4
 Agony                    Necr           0%         N/A       100%        5
 Lee's Rapid Deconstruct  Erth           0%         3d5*      100%        5
 Metabolic Englaciation   Hex/Ice        0%         N/A       100%        5
 Silence                  Hex/Air        0%         N/A       100%        5
 Statue Form              Tmut/Erth      0%         N/A       100%        6
 Enfeeble                 Hex            0%         N/A       100%        7


Dungeon Overview and Level Annotations

Branches:
Dungeon (11/15)            Temple (1/1) D:5            Lair (5/5) D:11
 Shoals (0/4) Lair:3       Spider (0/4) Lair:3        Slime (0/5) Lair:5
    Orc (0/2) D:10        Ossuary (visited)

Altars:
Ashenzari
Cheibriados
Elyvilon
Fedhas
Gozag
Hepliaklqana
Kikubaaqudgha
Makhleb
Nemelex Xobeh
Okawaru
Qazlal
Ru
Sif Muna
Trog
Uskayaw
Vehumet
Wu Jian
Xom
Yredelemnul
Zin
The Shining One

Shops:
D:6 [   D:7 :

Annotations:
D:11 2 runed translucent doors, Lodul
Lair:5 1 runed translucent door


Message History

Benio hits the lindwurm with a +0 flail!
The catoblepas attacks as you move away!
The catoblepas gores you!!
* * * LOW HITPOINT WARNING * * *
You are engulfed in calcifying dust.
You are slowing down.
The fungus is engulfed in calcifying dust.
The fungus turns to stone!
Benio hits the catoblepas with a +0 flail.
The catoblepas breathes a plume of calcifying dust at Benio.
The blast of calcifying dust hits Benio but does no damage.
You feel much better.
The fungus is engulfed in calcifying dust.
The catoblepas gores Benio!!
Benio is destroyed!
The lindwurm is engulfed in calcifying dust.
The lindwurm is moving more slowly.
The lindwurm breathes flames at you. The blast of flame hits you!!
* * * LOW HITPOINT WARNING * * *
The catoblepas bellows!
You hear a skittering sound.
Your limbs are stiffening.
A wolf spider comes into view.
The plant is engulfed in calcifying dust.
The plant turns to stone!
The fungus is engulfed in calcifying dust.
A nearby fungus withers and dies.
A dire elephant comes into view.
You have turned to stone.
The catoblepas gores you!!
* * * LOW HITPOINT WARNING * * *
A nearby plant withers and dies.
The catoblepas gores you but does no damage.
The lindwurm stops moving altogether!
The catoblepas gores you. The catoblepas gores you!!
* * * LOW HITPOINT WARNING * * *
The catoblepas gores you!
* * * LOW HITPOINT WARNING * * *
The catoblepas gores you!!
You die...

....#***,,.........*#........#
....# *,,,....k...###.......##
....# ***,,,#......######...#
....## *,,,*,*,#..## #...###
.....# *****,,,#...# #.#.#.#
.....# ###,,,,#†.P####....#*
.....# #.##,,,#sY.##.....##
....## ##..#####Yk###.....##
....# #...#...@..# #......#
....# ###..........# ##.#..##
....# #............# #.#....#
...## #P.†...#....## #.##..##
..[.###..#.#.#P..## #......#
....##...#...##### *#.#.#.##
....##P..#...########..###..##
...P.#...#...#....P##P.*##...#
...P.##..#####.....#**,##...##


You could see a dire elephant, a catoblepas, a wolf spider and a lindwurm
(petrified).

Vanquished Creatures
  Gastronok (D:9)
  Snorg (D:11)
  3 hydras (Lair:3)
  2 two-headed ogres
  5 death yaks
  Pikel (D:9)
  A lindwurm (Lair:3)
  A wolf spider (Lair:5)
  A cyclops (D:11)
  An ugly thing (D:11)
  2 oklob plants (Lair:3)
  2 manticores
  A merfolk siren (Lair:3)
  An elephant (Lair:3)
  3 torpor snails (Lair:5)
  An unseen horror (D:11)
  5 cane toads
  2 rime drakes
  2 komodo dragons
  A queen bee (Lair:3)
  A troll (D:11)
  A tyrant leech (Lair:5)
  A polar bear (Lair:4)
  4 hornets (Lair:5)
  8 blink frogs
  A water elemental (D:11)
  13 yaks
  Sigmund (D:3)
  2 wraiths
  3 wyverns
  A vampire mosquito (D:11)
  4 steam dragons
  5 basilisks
  An acid dragon (D:9)
  9 water moccasins
  An ice beast (D:8)
  A sky beast (D:6)
  2 black bears
  2 orc warriors
  4 ogres
  8 wolves
  7 centaurs
  2 kobold brigands (D:6)
  2 lemures (D:9)
  A phantom (D:5)
  2 elf zombies (Ossuary)
  13 bullfrogs
  A gnoll sergeant (D:6)
  2 necrophages
  4 wights (D:4)
  23 killer bees (Lair:3)
  2 electric eels (D:11)
  A howler monkey (D:6)
  4 hounds
  A human zombie (Ossuary)
  3 jellies
  9 orc priests
  An iguana (D:6)
  6 orc wizards
  2 mummies (Ossuary)
  12 gnolls
  6 adders
  3 ufetubi
  A worm (D:4)
  4 dart slugs
  47 orcs
  7 endoplasms
  5 giant cockroaches
  7 goblins
  15 hobgoblins
  2 quokkas (D:2)
  9 ball pythons
  4 bats
  8 frilled lizards
  A goblin zombie (Ossuary)
  7 hobgoblin zombies (Ossuary)
  A jackal zombie (Ossuary)
  25 kobolds
  13 kobold zombies (Ossuary)
  9 orc zombies (Ossuary)
  6 rats
  3 rat zombies (Ossuary)
391 creatures vanquished.

Vanquished Creatures (collateral kills)
  Harold (Lair:1)
  A hydra (Lair:4)
  A boulder beetle (D:11)
  2 death yaks (Lair:5)
  A catoblepas (Lair:5)
  A two-headed ogre (D:10)
  2 lindwurms (Lair:5)
  A black mamba (Lair:4)
  A gargoyle (D:10)
  2 torpor snails (Lair:5)
  2 cane toads
  4 komodo dragons
  A rime drake (Lair:5)
  A kobold demonologist (D:10)
  A troll (D:9)
  2 tyrant leeches (Lair:5)
  3 hornets (Lair:5)
  2 blink frogs
  13 yaks
  2 basilisks
  2 vampire mosquitoes (D:11)
  3 steam dragons
  An acid dragon (D:11)
  4 water moccasins
  An orc warrior (D:9)
  2 ogres (D:11)
  4 wolves
  A bullfrog (Lair:2)
  6 killer bees (Lair:3)
  An orc priest (D:10)
  An iguana (D:7)
  An orc wizard (D:7)
  5 orcs
  A kobold (D:8)
77 creatures vanquished.

Vanquished Creatures (others)
  2 yaks
  A wolf (Lair:5)
  2 kobold brigands
  6 knights
  2 ancestors
  A kobold (D:6)
  10 fungi
  37 plants
61 creatures vanquished.

Grand Total: 529 creatures vanquished

Notes
Turn   | Place    | Note
-------+----------+-------------------------------------------
     0 | D:1      | Avanven the Human Hunter began the quest for the Orb.
     0 | D:1      | Reached XP level 1. HP: 16/16 MP: 1/1
   166 | D:1      | Reached XP level 2. HP: 22/22 MP: 2/2
   501 | D:1      | Reached XP level 3. HP: 27/27 MP: 3/3
   774 | D:1      | Reached skill level 5 in Ranged Weapons
  1084 | D:2      | Found a faded altar of an unknown god.
  1113 | D:2      | Identified the +4 dagger of Lies {holy, *Noise Fly rN++}
  1268 | D:2      | Reached XP level 4. HP: 33/33 MP: 4/4
  2618 | D:3      | Reached XP level 5. HP: 38/38 MP: 5/5
  2685 | D:3      | Reached skill level 6 in Ranged Weapons
  3052 | D:3      | Noticed Sigmund
  3059 | D:3      | Killed Sigmund
  3060 | D:3      | Reached skill level 7 in Ranged Weapons
  3060 | D:3      | Reached XP level 6. HP: 44/44 MP: 6/6
  3336 | D:4      | Reached XP level 7. HP: 45/50 MP: 7/7
  3361 | D:4      | Reached skill level 8 in Ranged Weapons
  3439 | D:4      | Found a sand-covered staircase.
  3447 | Ossuary  | Entered an ossuary
  3851 | Ossuary  | Reached skill level 9 in Ranged Weapons
  4205 | D:4      | Reached XP level 8. HP: 39/56 MP: 8/8
  4450 | D:4      | Reached skill level 10 in Ranged Weapons
  4542 | D:5      | Entered Level 5 of the Dungeon
  5645 | D:5      | Found a staircase to the Ecumenical Temple.
  5659 | Temple   | Entered the Ecumenical Temple
  5809 | Temple   | Became a worshipper of Hepliaklqana the Forgotten
  6925 | D:6      | Reached skill level 11 in Ranged Weapons
  6930 | D:6      | Reached XP level 9. HP: 61/61 MP: 9/9
  7038 | D:6      | Reached skill level 12 in Ranged Weapons
  7223 | D:6      | Found Loanlent's Armour Boutique.
  7638 | D:6      | Reached * piety under Hepliaklqana
  7840 | D:7      | Noticed a two-headed ogre
  8204 | D:7      | Reached skill level 1 in Evocations
  8268 | D:7      | Killed a two-headed ogre
  8269 | D:7      | Reached skill level 13 in Ranged Weapons
  8269 | D:7      | Reached XP level 10. HP: 60/60 MP: 10/10
  8406 | D:7      | Found Qyfymuur's Book Emporium.
  8909 | D:8      | Identified the +1 hat "Ufaono" {Fly Str+5 SInv}
  9073 | D:8      | Reached skill level 5 in Evocations
  9194 | D:8      | Found a basalt altar of Yredelemnul.
  9213 | D:8      | Found a glowing golden altar of the Shining One.
  9560 | D:8      | Noticed an angel
  9880 | D:9      | Noticed Pikel
  9884 | D:9      | Killed Pikel
  9885 | D:9      | Reached skill level 14 in Ranged Weapons
  9931 | D:9      | Reached ** piety under Hepliaklqana
  9932 | D:9      | Remembered your ancestor Benio as a knight
  9961 | D:9      | Noticed Gastronok
  9975 | D:9      | Reached skill level 1 in Armour
  9985 | D:9      | Killed Gastronok
  9986 | D:9      | Reached XP level 11. HP: 21/64 MP: 11/11
 10364 | D:9      | Found a glowing silver altar of Zin.
 10370 | D:9      | Found an iron altar of Okawaru.
 10375 | D:9      | Found a stormy altar of Qazlal.
 10380 | D:9      | Found a white marble altar of Elyvilon.
 10387 | D:9      | Found a broken altar of Ashenzari.
 10875 | D:10     | Entered Level 10 of the Dungeon
 11011 | D:10     | Reached skill level 15 in Ranged Weapons
 11011 | D:10     | Reached skill level 5 in Armour
 11033 | D:10     | Noticed a two-headed ogre
 11042 | D:10     | Killed a two-headed ogre
 11463 | D:11     | Noticed a cyclops
 11482 | D:11     | Killed a cyclops
 11570 | D:11     | Found a staircase to the Lair.
 12701 | D:11     | Found a large runed translucent door.
 12703 | D:11     | Found a large runed translucent door.
 12710 | D:11     | Noticed a seven-headed hydra
 12713 | D:11     | Noticed a manticore
 12719 | D:11     | Killed a manticore
 12720 | D:11     | Noticed a red ugly thing
 12721 | D:11     | Noticed a boulder beetle
 12722 | D:11     | Noticed a manticore
 12995 | D:11     | Reached XP level 12. HP: 70/70 MP: 12/12
 13017 | D:11     | Noticed Snorg
 13044 | D:11     | Killed Snorg
 13155 | D:11     | Noticed a two-headed ogre
 13161 | D:11     | Killed a two-headed ogre
 13184 | D:11     | Noticed Lodul
 13189 | D:11     | Reached skill level 16 in Ranged Weapons
 13353 | D:11     | Killed a boulder beetle
 13514 | Lair:1   | Entered Level 1 of the Lair of Beasts
 13821 | Lair:1   | Noticed Harold
 13829 | Lair:1   | Killed Harold
 13831 | Lair:1   | Reached *** piety under Hepliaklqana
 13923 | Lair:1   | Identified the +2 hand axe "Near" {drain, Will+ rCorr
                  | Stlth+}
 14007 | Lair:1   | Reached skill level 5 in Fighting
 14712 | Lair:2   | Found a glowing silver altar of Zin.
 14857 | Lair:2   | Reached skill level 10 in Armour
 14857 | Lair:2   | Reached XP level 13. HP: 70/83 MP: 13/13
 15515 | Lair:3   | Noticed a five-headed hydra
 15528 | Lair:3   | Killed a five-headed hydra
 15640 | Lair:3   | Identified the +3 trident "Sorobeas" {elec, rPois}
 15659 | Lair:3   | Reached **** piety under Hepliaklqana
 15739 | Lair:3   | Found a staircase to the Shoals.
 15775 | Lair:3   | Found a hole to the Spider Nest.
 15796 | Lair:3   | Noticed a seven-headed hydra
 15804 | Lair:3   | Killed a seven-headed hydra
 16024 | Lair:3   | Noticed an eight-headed hydra
 16031 | Lair:3   | Killed an eight-headed hydra
 16247 | Lair:3   | You are sucked into a shaft and drop 1 floor!
 16684 | Lair:3   | Reached skill level 17 in Ranged Weapons
 17968 | Lair:4   | Noticed a seven-headed hydra
 17976 | Lair:4   | Killed a seven-headed hydra
 18331 | Lair:4   | Reached ***** piety under Hepliaklqana
 18362 | Lair:4   | Reached XP level 14. HP: 90/90 MP: 14/14
 18367 | Lair:4   | Reached skill level 10 in Evocations
 18834 | Lair:5   | Entered Level 5 of the Lair of Beasts
 18834 | Lair:5   | Found a staircase to the Slime Pits.
 19508 | Lair:5   | Found a runed translucent door.
 19697 | Lair:5   | Reached skill level 18 in Ranged Weapons
 19704 | Lair:5   | Paralysed by a hornet for 1 turns
 19850 | Lair:5   | Paralysed by a hornet for 2 turns
 21286 | Lair:5   | Noticed a dire elephant
 21291 | Lair:5   | HP: 1/95 [catoblepas (7)]
 21292 | Lair:5   | Mangled by a catoblepas

Illustrated notes

Levels and vault maps discovered:
D:1:      scummos_arrival_simple_crosswalls, layout_loops_corners
D:2:      layout_basic, ebering_ecumenical_altar_petrified, nicolae_hexahallways
D:3:      layout_loops_cross, kennysheep_path_1, wad_floor_pattern_untrapped,
          uniq_sigmund
D:4:      layout_basic, nicolae_ossuary_entry_plus
D:5:      layout_gridville, minmay_temple_entry_slanted
D:6:      layout_loops_ring, serial_shops, shop, kennysheep_flooded_box
D:7:      layout_basic, kennysheep_small_square
D:8:      layout_basic, grunt_temple_overflow_holy_war
D:9:      layout_roguey, nicolae_overflow_hallway_of_the_gods, uniq_gastronok,
          uniq_pikel
D:10:     hellmonk_ruined_rings, layout_cave_pools, grunt_dithmenos_smoke,
          hiddenorc2_lemuel
D:11:     layout_long_grid, erik_lair_island, minmay_hollow_rounded_squares,
          uniq_snorg, uniq_lodul, uniq_grum
Temple:   dpeg_chambers_temple
Lair:1:   layout_cave_pods, lemuel_fruit_tree, uniq_harold
Lair:2:   layout_gridlike, basic_altar
Lair:3:   regret_index_harrowing_hell_hive, layout_small_grid,
          minmay_shoals_entry_lonely_mermaid, dummy_spider_entry,
          nicolae_lair_grove_arrangements
Lair:4:   layout_layer_cave, minivault_19, serial_bayou_shore_b
Lair:5:   wormcave, layout_regular_city, hangedman_lair_in_review,
          slime_entry_1, serial_bayou_shore_b

Skill      XL: |  1  2  3  4  5  6  7  8  9 10 11 12 13 14 |
---------------+-------------------------------------------+-----
Ranged Weapons | 5 7 9 11 13 14 15 16 17 18 | 18.3
Evocations     | 3 6 9 10 | 10.1
Armour         | 3 7 10 | 10.1
Fighting       | 6 8 |  8.6
Dodging        | |  2.0
Stealth        | |  1.0

Action                   |  1- 3 |  4- 6 |  7- 9 | 10-12 | 13-15 || total
-------------------------+-------+-------+-------+-------+-------++-------
 Fire: Shortbow          |   105 |   141 |   462 |   472 |   548 ||  1728
Invok: Ancestor Identity |       |       |     1 |       |       ||     1
       Ancestor Life: Kn |       |       |       |     1 |       ||     1
       Recall Ancestor   |       |       |       |     1 |     3 ||     4
Evoke: Wand              |       |       |     9 |    18 |    15 ||    42
       Lightning rod     |       |       |       |       |     8 ||     8
       Condenser vane    |       |       |       |       |     1 ||     1
  Use: Scroll            |       |    10 |    12 |    12 |    19 ||    53
       Potion            |       |       |     3 |     1 |     2 ||     6
Armor: Leather armour    |    27 |    10 |       |       |       ||    37
       Ring mail         |       |    13 |    77 |    34 |    39 ||   163
Dodge: Dodged            |    35 |    54 |    82 |    57 |    39 ||   267
Block: Other             |       |    12 |    57 |    24 |    20 ||   113
       Reflection        |       |       |     3 |     8 |       ||    11
